 Dungeon Crawl Stone Soup version 0.27-a0-637-g3a9f0a9c12 (webtiles) character file.

Game seed: 10919648493268336963

170129 ICC the Eclecticist (level 17, -3/76 HPs)
             Began as a Vine Stalker Fighter on Mar 14, 2021.
             Was the Champion of Wu Jian.
             Slain by a swamp dragon (11 damage)
             ... on level 3 of the Swamp on Mar 15, 2021.
             The game lasted 01:35:10 (18883 turns).

ICC the Eclecticist (Vine Stalker Fighter)         Turns: 18883, Time: 01:35:10

Health: -3/76      AC:  8    Str: 21    XL:     17   Next: 69%
Magic:  0/39       EV: 16    Int:  9    God:    Wu Jian [******]
Gold:   3259       SH:  0    Dex: 14    Spells: 48/50 levels left

rFire    . . .     SeeInvis .   a - +9 dagger "Kyf Laxuda" {chaos, rElec Stlth+}
rCold    . . .     Faith    +   (no shield)
rNeg     + + +     Spirit   +   (no armour)
rPois    .         Reflect  .   Q - -1 helmet of the Ward {+Fly rN+++ Will++ Int-4}
rElec    +         Harm     .   (no cloak)
rCorr    +         Rampage  .   O - +2 pair of gloves
Will     ++++.                  p - +2 pair of boots
Stlth    ++........             U - amulet of faith
HPRegen  1.22/turn              C - ring of resist corrosion
MPRegen  0.26/turn              (no ring)

@: lethally poisoned (-3 -> -5)
A: fangs 3, regeneration 1, magic shield, antimagic bite, no potion heal 3
}: 1/15 runes: gossamer
a: Renounce Religion, Evoke Flight, Wall Jump, Serpent's Lash, Heavenly Storm


You were on level 3 of the Swamp.
You worshipped Wu Jian.
Wu Jian was exalted by your worship.
You visited 6 branches of the dungeon, and saw 28 of its levels.

You collected 3259 gold pieces.

Inventory:

Hand Weapons
 a - the +9 dagger "Kyf Laxuda" (weapon) {chaos, rElec Stlth+}
   (You found it on level 8 of the Dungeon)

   Each time it hits an enemy it has a different, random effect.
   It insulates you from electricity.
   It makes you more stealthy.
 s - a +2 short sword of speed
Missiles
 v - 5 silver boomerangs (quivered)
 K - 6 silver javelins
 Z - 10 javelins
Armour
 j - the +4 chain mail of Daffodils {-Cast rPois rF+ Slay+6}
   (You found it on level 11 of the Dungeon)

   It affects your accuracy and damage with ranged weapons and melee attacks
   (+6).
   It protects you from fire.
   It protects you from poison.
   It prevents spellcasting.
 m - a +0 cloak of poison resistance
 p - a +2 pair of boots (worn)
 L - the +4 hat of the Slorg {Str+3}
   (You found it on level 1 of the Spider Nest)

   It affects your strength (+3).
 N - +0 steam dragon scales
 O - a +2 pair of gloves (worn)
 Q - the -1 helmet of the Ward (worn) {+Fly rN+++ Will++ Int-4}
   (You found it on level 1 of the Swamp)

   It affects your intelligence (-4).
   It renders you almost immune to negative energy.
   It affects your willpower, your defense against some magical effects.
   It lets you fly.
Jewellery
 e - a ring of willpower
 g - a ring of protection from cold
 A - a ring of see invisible
 C - a ring of resist corrosion (right hand)
 J - a ring of fire
 U - an amulet of faith (around neck)
Wands
 y - a wand of iceblast (24)
 B - a wand of flame (31)
 I - a wand of acid (22)
 S - a wand of digging (5)
Scrolls
 c - 5 scrolls of amnesia
 h - 8 scrolls of blinking {unknown}
 k - 4 scrolls of fear
 l - 3 scrolls of magic mapping {unknown}
 o - 7 scrolls of immolation {unknown}
 r - 6 scrolls of enchant weapon {unknown}
 u - 8 scrolls of teleportation {unknown}
 z - a scroll of torment {unknown}
 H - 4 scrolls of silence {unknown}
 M - a scroll of holy word {unknown}
 V - a scroll of brand weapon {unknown}
 W - a scroll of summoning {unknown}
 X - 6 scrolls of fog {unknown}
 Y - 3 scrolls of enchant armour
Potions
 b - 5 potions of brilliance
 d - 3 potions of might
 f - 10 potions of resistance
 i - 10 potions of curing
 n - 5 potions of mutation
 q - a potion of haste
 D - 2 potions of invisibility
 E - 5 potions of flight
 F - 4 potions of degeneration {unknown}
 G - a potion of magic
 P - 2 potions of attraction
 R - 4 potions of cancellation {unknown}
Miscellaneous
 x - a condenser vane


   Skills:
 - Level 3.0 Fighting
 - Level 12.0 Short Blades
 * Level 6.6 Throwing
 + Level 14.8 Armour
 + Level 10.0 Dodging
 - Level 2.6 Shields
 + Level 17.3 Spellcasting


You had 48 spell levels left.
You knew the following spells:

 Your Spells              Type           Power      Damage    Failure   Level
b - Corona                Hex            7%         N/A       7%          1
p - Apportation           Tloc           14%        N/A       7%          1

Your spell library contained the following spells:

 Spells                   Type           Power      Damage    Failure   Level
 Animate Skeleton         Necr           14%        N/A       7%          1
 Magic Dart               Conj           28%        1d4       7%          1
 Shock                    Conj/Air       28%        1d4       7%          1
 Summon Small Mammal      Summ           28%        N/A       7%          1
 Blink                    Tloc           N/A        N/A       11%         2
 Call Imp                 Summ           7%         N/A       11%         2
 Passwall                 Tmut/Erth      5%         N/A       11%         2
 Slow                     Hex            7%         N/A       11%         2
 Swiftness                Air            7%         N/A       11%         2
 Wereblood                Tmut           7%         N/A       11%         2
 Conjure Flame            Conj/Fire      7%         6-21      21%         3
 Gell's Gravitas          Tloc           3%         N/A       21%         3
 Lesser Beckoning         Tloc           3%         N/A       21%         3
 Mephitic Cloud           Conj/Pois/Air  7%         N/A       21%         3
 Static Discharge         Conj/Air       7%         N/A       21%         3
 Teleport Other           Tloc           7%         N/A       21%         3
 Airstrike                Air            3%         N/A       56%         4
 Cause Fear               Hex            3%         N/A       56%         4
 Manifold Assault         Tloc           7%         N/A       56%         4
 Lee's Rapid Deconstruct  Erth           3%         3d6*      88%         5
 Lightning Bolt           Conj/Air       3%         1d15      88%         5
 Silence                  Hex/Air        3%         N/A       88%         5
 Yara's Violent Unravell  Hex/Tmut       3%         3d4       88%         5
 Statue Form              Tmut/Erth      4%         N/A       100%        6
 Discord                  Hex            3%         N/A       100%        8


Dungeon Overview and Level Annotations

Branches:
Dungeon (12/15)            Temple (1/1) D:5            Lair (6/6) D:8
  Swamp (3/4) Lair:3       Spider (4/4) Lair:4        Slime (0/5) Lair:5
    Orc (2/2) D:10            Elf (0/3) Orc:2

Altars:
Ashenzari
Cheibriados
Dithmenos
Elyvilon
Fedhas
Gozag
Hepliaklqana
Kikubaaqudgha
Makhleb
Nemelex Xobeh
Okawaru
Qazlal
Ru
Sif Muna
Trog
Uskayaw
Vehumet
Wu Jian
Xom
Yredelemnul
Zin
The Shining One
Jiyva

Shops:
Orc:2 ((*:


Innate Abilities, Weirdness & Mutations

You have razor-sharp teeth.
Your natural rate of healing is unusually fast.
When hurt, damage is shared between your health and your magic reserves.
Your bite disrupts and absorbs the magic of your enemies.
Potions cannot restore your health.


Message History

You continue taking off the +4 chain mail of Daffodils {-Cast rPois rF+ Slay+6}.
The swamp dragon bites you but does no damage.
The swamp dragon claws you.
The swamp dragon tramples you but does no damage.
You continue taking off the +4 chain mail of Daffodils {-Cast rPois rF+ Slay+6}.
You feel sick.
The swamp dragon bites you but does no damage.
The swamp dragon barely misses you.
The swamp dragon tramples you but does no damage.
You continue taking off the +4 chain mail of Daffodils {-Cast rPois rF+ Slay+6}.
The swamp dragon bites you but does no damage.
The swamp dragon claws you but does no damage.
The swamp dragon tramples you but does no damage.
You finish taking off the +4 chain mail of Daffodils {-Cast rPois rF+ Slay+6}.
You are engulfed in poison gas.
You are more poisoned.
You feel sick.
The swamp dragon breathes poison at you.
The blast of poison misses you.
You are engulfed in poison gas.
You are more poisoned.
You feel very sick. The swamp dragon closely misses you.
The swamp dragon misses you. The swamp dragon tramples you.
You hold your ground!
You feel sick.
The swamp dragon bites you but does no damage.
The swamp dragon misses you. The swamp dragon tramples you.
You hold your ground!
You feel very sick. The swamp dragon bites you! The swamp dragon misses you. x2
You feel sick. The swamp dragon bites you!
* * * LOW HITPOINT WARNING * * *
The swamp dragon claws you.
* * * LOW HITPOINT WARNING * * *
The swamp dragon tramples you!
* * * LOW HITPOINT WARNING * * *
You hold your ground!
You feel sick. The swamp dragon barely misses you. The swamp dragon claws you.
The swamp dragon misses you.
You feel sick. The swamp dragon bites you!
You die...

.♣ ♣.♣≈ ♣........♣ ♣≈..≈
♣≈.^..≈≈≈♣♣♣♣♣♣♣♣♣♣...≈
♣♣>≈≈..≈≈≈.§.....≈♣.§..≈
.♣.≈≈≈..≈≈≈.....≈≈≈..≈.♣.
...≈≈≈.....≈≈...≈§≈.♣....
≈≈.≈≈..♣♣♣.§≈≈..≈≈≈..≈≈..
≈.§≈.○..@♣○≈§≈....(..≈≈†≈
≈≈≈♣♣.D...≈≈..≈≈≈≈..≈.♣♣
♣.≈≈....≈≈≈≈≈≈≈..♣♣≈
♣≈...§≈....≈≈≈≈≈≈≈≈.♣♣≈
..?....≈♣≈..≈≈≈≈≈≈≈≈≈.♣.
≈≈≈..........≈≈≈≈≈≈≈≈≈.♣≈
≈≈≈≈≈§≈≈≈≈..≈.≈..≈≈≈≈≈...
≈≈≈≈≈§§§≈§≈≈≈.≈.<..≈≈≈.≈.
≈.≈≈§≈≈≈≈≈≈≈.≈.........≈≈


You could see a swamp dragon.

Vanquished Creatures
  A tentacled monstrosity (Swamp:3)
  The ghost of Ejeom the Devastator, an adept DrCj of Vehumet (Swamp:1)
  A fenstrider witch (Swamp:2)
  4 ghost moths
  2 orc warlords
  4 emperor scorpions (Spider:4)
  Nessos (Lair:6)
  3 bunyips (Swamp:2)
  A spark wasp (Spider:2)
  3 entropy weavers
  3 eleionomae
  The ghost of Garpagan the Cleaver, a journeyman HOFi of Okawaru (D:9)
  16 hydras
  A rakshasa (Spider:2)
  A ghost crab (Swamp:3)
  2 catoblepae
  4 alligators
  2 death yaks (Lair:6)
  3 orc high priests (Orc:2)
  Urug (D:10)
  Sonja (Orc:2)
  7 goliath frogs
  2 swamp dragons
  2 bog bodies (Swamp:1)
  6 orc knights
  5 orc sorcerers (Orc:2)
  19 orb spiders
  2 oklob plants (Lair:4)
  32 wolf spiders
  11 elephants
  2 will-o-the-wisps (Swamp:2)
  5 moths of wrath
  A cyclops (Orc:2)
  2 black mambas
  A torpor snail (shapeshifter) (Spider:1)
  Maurice (D:8)
  27 cane toads
  A torpor snail (Lair:6)
  Psyche (D:8)
  Maggie (D:7)
  6 rime drakes
  8 komodo dragons
  A queen bee (D:9)
  6 demonic crawlers
  29 jumping spiders
  A merfolk (Spider:3)
  9 tyrant leeches
  8 hornets
  3 polar bears
  Prince Ribbit (D:7)
  3 trolls
  22 blink frogs
  A dream sheep (shapeshifter) (Spider:1)
  5 wyverns (Lair:6)
  20 yaks
  68 redbacks
  2 spriggans (D:9)
  33 tarantellas
  A vampire (D:11)
  A human (D:7)
  A golden eye (shapeshifter) (Lair:5)
  14 vampire mosquitoes
  8 basilisks
  4 wargs
  14 swamp worms
  7 soldier ants
  14 water moccasins
  A hell hound (Lair:6)
  27 orc warriors
  6 sky beasts
  5 black bears
  A swamp drake (Swamp:2)
  5 ice beasts
  6 wolves (Lair:3)
  8 ogres
  The ghost of TRUEvector the Covered, an amateur HuFi (D:3)
  4 centaurs
  2 phantoms
  A kobold brigand (D:11)
  25 bullfrogs
  A wyvern zombie (D:10)
  A water moccasin skeleton (D:11)
  6 scorpions
  31 killer bees
  4 electric eels
  3 howler monkeys
  8 wights
  A quasit (D:5)
  A centaur zombie (D:3)
  A bullfrog zombie (D:11)
  6 hounds
  2 jellies
  2 centaur skeletons
  18 orc priests
  2 bullfrog skeletons
  2 iguanas
  14 orc wizards
  10 hell rats (Lair:6)
  16 worker ants
  A hound skeleton (D:6)
  A hound zombie (D:8)
  A howler monkey zombie (D:7)
  3 worker ant zombies
  7 gnolls
  9 adders
  2 shadow imps
  5 white imps
  An ufetubus (D:7)
  An ooze (D:3)
  An adder zombie (D:5)
  2 adder skeletons
  2 worms (D:3)
  3 dart slugs (D:1)
  4 leopard geckos
  61 orcs
  2 giant cockroaches
  9 goblins
  14 hobgoblins
  18 jackals
  14 kobolds
  4 quokkas
  8 bats
  5 frilled lizards
  A jackal skeleton (D:7)
  A jackal zombie (D:7)
  A kobold zombie (D:7)
  5 rats
881 creatures vanquished.

Vanquished Creatures (collateral kills)
  A redback (Spider:1)
  An orc warrior (Orc:2)
2 creatures vanquished.

Vanquished Creatures (others)
  An alligator (Swamp:3)
  A bog body (Swamp:1)
  A tyrant leech (Swamp:2)
  A quokka (D:9)
  12 foxfires (Swamp:2)
  24 fungi
  70 plants
110 creatures vanquished.

Grand Total: 993 creatures vanquished

Notes
Turn   | Place    | Note
-------+----------+-------------------------------------------
     0 | D:1      | ICC the Vine Stalker Fighter began the quest for the Orb.
     0 | D:1      | Reached XP level 1. HP: 11/11 MP: 2/2
    84 | D:1      | Reached XP level 2. HP: 11/16 MP: 3/3
   249 | D:1      | Reached skill level 1 in Spellcasting
   249 | D:1      | Reached XP level 3. HP: 13/20 MP: 5/5
   884 | D:2      | Gained mutation: Your natural rate of healing is unusually
                  | fast. [Vine Stalker growth]
   884 | D:2      | Reached XP level 4. HP: 12/24 MP: 7/7
   969 | D:2      | Found a shimmering altar of Xom.
  1008 | D:2      | Found a burning altar of Makhleb.
  1021 | D:2      | Reached skill level 2 in Spellcasting
  1435 | D:3      | Reached XP level 5. HP: 28/28 MP: 9/9
  1890 | D:3      | Found a runed translucent door.
  1890 | D:3      | Noticed TRUEvector's ghost (amateur HuFi)
  1907 | D:3      | Killed TRUEvector's ghost
  1908 | D:3      | Reached skill level 3 in Spellcasting
  1908 | D:3      | Reached XP level 6. HP: 28/32 MP: 7/11
  2182 | D:4      | Found a hazy altar of Hepliaklqana.
  2273 | D:4      | Reached skill level 5 in Short Blades
  2605 | D:4      | Found a burning altar of Makhleb.
  2733 | D:5      | Entered Level 5 of the Dungeon
  2802 | D:5      | Reached XP level 7. HP: 36/36 MP: 13/13
  2924 | D:5      | Found a shadowy altar of Dithmenos.
  2959 | D:5      | Reached skill level 4 in Spellcasting
  3191 | D:5      | Gained mutation: You have razor-sharp teeth. [Vine Stalker
                  | growth]
  3191 | D:5      | Reached XP level 8. HP: 26/40 MP: 7/15
  3306 | D:5      | Found a staircase to the Ecumenical Temple.
  3315 | Temple   | Entered the Ecumenical Temple
  3378 | Temple   | Became a worshipper of the Wu Jian Council
  3428 | D:5      | Reached skill level 5 in Spellcasting
  3502 | D:6      | Found a runed translucent door.
  3506 | D:6      | Found a runed translucent gate.
  3506 | D:6      | Found a runed translucent gate.
  3511 | D:6      | Found the +9 staff of Olgreb {rPois∞}
  3514 | D:6      | Found a runed translucent door.
  3540 | D:6      | Found a runed translucent gate.
  3685 | D:6      | Found a stormy altar of Qazlal.
  3716 | D:6      | Found a glowing golden altar of the Shining One.
  3796 | D:6      | Reached XP level 9. HP: 44/44 MP: 16/18
  4021 | D:6      | Reached * piety under Wu Jian
  4028 | D:6      | Reached skill level 6 in Spellcasting
  4236 | D:6      | Reached skill level 5 in Armour
  4340 | D:7      | Noticed Maggie
  4361 | D:7      | Killed Maggie
  4362 | D:7      | Reached skill level 7 in Spellcasting
  4362 | D:7      | Reached XP level 10. HP: 48/49 MP: 19/21
  4412 | D:7      | Found an opulent altar of Gozag.
  4490 | D:7      | Reached ** piety under Wu Jian
  4493 | D:7      | Found a runed translucent door.
  4501 | D:7      | Found a basalt altar of Yredelemnul.
  4536 | D:7      | Noticed Prince Ribbit
  4546 | D:7      | Killed Prince Ribbit
  4843 | D:7      | Reached skill level 10 in Short Blades
  5379 | D:8      | Noticed Psyche
  5396 | D:8      | Killed Psyche
  5397 | D:8      | Reached skill level 8 in Spellcasting
  5461 | D:8      | Noticed Maurice
  5479 | D:8      | Killed Maurice
  5623 | D:8      | Identified the +9 dagger "Kyf Laxuda" {chaos, rElec Stlth+}
  5636 | D:8      | Found a staircase to the Lair.
  5659 | D:8      | Identified the +3 scale mail of a ziggurat {rN+ Regen+}
  5809 | D:8      | Found an iron altar of Okawaru.
  6060 | D:9      | Found a snail-covered altar of Cheibriados.
  6198 | D:9      | Reached *** piety under Wu Jian
  6292 | D:9      | Found a runed translucent door.
  6294 | D:9      | Noticed Garpagan's ghost (journeyman HOFi)
  6297 | D:9      | Identified the +5 trident of the Maze {freeze, Str+6}
  6312 | D:9      | Found a white marble altar of Elyvilon.
  6365 | D:9      | Killed Garpagan's ghost
  6366 | D:9      | Reached skill level 9 in Spellcasting
  6366 | D:9      | Reached XP level 11. HP: 37/52 MP: 23/25
  6623 | D:9      | Found a blossoming altar of Fedhas.
  6624 | D:9      | Found a glowing silver altar of Zin.
  6626 | D:9      | Found a shimmering blue altar of Sif Muna.
  6628 | D:9      | Found a broken altar of Ashenzari.
  6751 | D:9      | Reached skill level 10 in Spellcasting
  6771 | D:9      | Reached **** piety under Wu Jian
  7017 | D:10     | Entered Level 10 of the Dungeon
  7020 | D:10     | Learned a level 1 spell: Apportation
  7022 | D:10     | Learned a level 1 spell: Corona
  7186 | D:10     | Noticed Urug
  7229 | D:10     | Killed Urug
  7266 | D:10     | Found a staircase to the Orcish Mines.
  7694 | D:11     | Identified the +4 chain mail of Daffodils {-Cast rPois rF+
                  | Slay+6}
  7774 | D:11     | Reached ***** piety under Wu Jian
  7944 | D:11     | Identified a scroll of acquirement
  7947 | D:11     | Acquired 875 gold pieces
  8032 | D:11     | Reached skill level 11 in Spellcasting
  8206 | D:11     | Reached XP level 12. HP: 44/56 MP: 21/28
  8495 | Orc:1    | Entered Level 1 of the Orcish Mines
  8495 | Orc:1    | Noticed an orc warlord
  8511 | Orc:1    | Killed an orc warlord
  8521 | Orc:2    | Entered Level 2 of the Orcish Mines
  8521 | Orc:2    | Found a staircase to the Elven Halls.
  8521 | Orc:2    | Noticed an orc warlord
  8530 | Orc:2    | Killed an orc warlord
  8570 | Orc:2    | Noticed Sonja
  8576 | Orc:2    | Killed Sonja
  8729 | Orc:1    | Found a shimmering altar of Xom.
  8729 | Orc:1    | Noticed an orc warlord
  8743 | Orc:1    | Banished an orc warlord
  8994 | Orc:2    | Reached skill level 10 in Armour
  8994 | Orc:2    | Reached skill level 12 in Spellcasting
  9250 | Orc:2    | Reached XP level 13. HP: 60/60 MP: 30/30
  9323 | Orc:2    | Found Leniptua's Book Shoppe.
  9323 | Orc:2    | Found Sedeemuts's Weapon Shop.
  9325 | Orc:2    | Found Qaengo's General Store.
  9325 | Orc:2    | Found Giqa's Weapon Shop.
  9618 | Lair:1   | Entered Level 1 of the Lair of Beasts
  9991 | Lair:1   | Reached skill level 13 in Spellcasting
 11125 | Lair:3   | Found a staircase to the Swamp.
 11225 | Lair:3   | Reached XP level 14. HP: 65/65 MP: 32/32
 11372 | Lair:3   | Reached skill level 14 in Spellcasting
 11812 | Lair:4   | Reached skill level 1 in Dodging
 11844 | Lair:4   | You fall into a shaft and drop 1 floor!
 11941 | Lair:4   | Found a hole to the Spider Nest.
 12843 | Lair:5   | Found a staircase to the Slime Pits.
 12843 | Lair:5   | Found a viscous altar of Jiyva.
 13114 | Lair:6   | Entered Level 6 of the Lair of Beasts
 13223 | Lair:6   | Reached ****** piety under Wu Jian
 13591 | Lair:6   | Reached skill level 5 in Dodging
 13593 | Lair:6   | Reached skill level 15 in Spellcasting
 13618 | Lair:6   | Reached XP level 15. HP: 36/68 MP: 35/35
 13702 | Lair:6   | Noticed Nessos
 13710 | Lair:6   | Killed Nessos
 14233 | Spider:1 | Entered Level 1 of the Spider Nest
 14302 | Spider:1 | Identified the +4 hat of the Slorg {Str+3}
 15358 | Spider:2 | Reached skill level 16 in Spellcasting
 15659 | Spider:3 | Reached XP level 16. HP: 44/72 MP: 24/37
 16448 | Spider:4 | Entered Level 4 of the Spider Nest
 16473 | Spider:4 | Reached skill level 1 in Throwing
 16545 | Spider:4 | HP: 1/72 [poisoned by a wolf spider]
 16971 | Spider:4 | Reached XP level 17. HP: 67/76 MP: 38/38
 16974 | Spider:4 | Reached skill level 17 in Spellcasting
 16984 | Spider:4 | Got a gossamer rune of Zot
 17211 | Swamp:1  | Entered Level 1 of the Swamp
 17493 | Swamp:1  | Found a transporter.
 17499 | Swamp:1  | Noticed Ejeom's ghost (adept DrCj)
 17505 | Swamp:1  | Found a transporter.
 17516 | Swamp:1  | Reached skill level 5 in Throwing
 17517 | Swamp:1  | Killed Ejeom's ghost
 17519 | Swamp:1  | Identified the -1 helmet of the Ward {+Fly rN+++ Will++
                  | Int-4}
 18668 | Swamp:3  | Noticed a tentacled monstrosity
 18679 | Swamp:3  | Killed a tentacled monstrosity
 18733 | Swamp:3  | Reached skill level 10 in Dodging
 18741 | Swamp:3  | Identified Qigaj's Guide on the Shifting Rocks
 18883 | Swamp:3  | Slain by a swamp dragon

Illustrated notes

Levels and vault maps discovered:
D:1:      zaba_arrival_water, layout_basic, kennysheep_small_spiral
D:2:      layout_basic, old_standard_altar, makhleb_heckhound_becter
D:3:      layout_basic, gammafunk_ghost_grave
D:4:      layout_cave_pools, lemuel_round_altar, nicolae_overflow_crystal_walls
D:5:      cheibrodos_barr_body, layout_rooms, nicolae_dithmenos_the_darkroom,
          minmay_temple_entry_statues_pillars
D:6:      layout_rooms, kennysheep_mini, nicolae_qazlal_scattered_showers,
          minmay_guarded_unrand_staff_of_olgreb
D:7:      layout_basic, old_standard_altar, dk_yredelemnul_ordeal, uniq_maggie,
          uniq_prince_ribbit1
D:8:      layout_basic, general_overflow_altar, grunt_lair_entry_orc_guard_hut,
          uniq_psyche, uniq_maurice
D:9:      layout_loops_ring, minitemple, basic_altar,
          ebering_ghost_funeral_grove, special_room [special_room_bee],
          elyvilon_altar_4
D:10:     layout_long_grid, orc_0_dummy, hangedman_decor_points, st_stairs_6,
          uniq_urug
D:11:     layout_loops_ring, gauntlet_entry_generic, kennysheep_generic_room_13
D:12:     layout_loops_ring, serial_shops, shop_fountains,
          nemelex_xobeh_ov_fountains_minmay
Temple:   zaba_magenta_temple
Lair:1:   layout_small_grid, grunt_megastairs_5
Lair:2:   layout_misc_corridors, small_statue_intersection,
          infiniplex_staircase_pool_2
Lair:3:   layout_gridlike, swamp_mist
Lair:4:   layout_roguey, dummy_spider_entry, serial_bayou_shore_a,
          minmay_lair_oklob_chamber
Lair:5:   layout_concentric_octagons, slime_altar_1, lemuel_fruit_fields
Lair:6:   minmay_lair_end_frog_pond, layout_gridlike, special_room
          [special_room_mythical_zoo], uniq_nessos
Swamp:1:  nicolae_swamp_ascending_descending, layout_basic_swamp,
          gammafunk_ghost_berserking_beasts, evilmike_swamp_ruin_house_2,
          swamp_pool4
Swamp:2:  layout_basic_swamp, serial_swamp_ruin, evilmike_swamp_ruin_house_5,
          evilmike_swamp_ruin_rubble_1
Swamp:3:  layout_basic_swamp, hangedman_swamp_ruin_wall,
          infiniplex_staircase_pool
Spider:1: layout_spider_delve
Spider:2: layout_spider_delve, hangedman_spider_tarantella_strand
Spider:3: layout_spider_delve
Spider:4: spider_rune_water
Orc:1:    layout_caves, lemuel_statue_altar
Orc:2:    grunt_orc_tribal_feast, layout_diamond_mine, uniq_sonja

Skill      XL: |  1  2  3  4  5  6  7  8  9 10 11 12 13 14 15 16 17 |
---------------+----------------------------------------------------+-----
Short Blades   | 2 3 4 5 6 8 9 10 12 | 12.0
Fighting       | 3 |  3.0
Spellcasting   | 1 2 3 4 5 7 9 11 12 13 15 16 17 | 17.3
Armour         | 4 5 7 9 10 11 12 13 14 | 14.8
Dodging        | 5 7 9 10 | 10.0
Throwing       | 3 6 |  6.6
Shields        | |  2.6

Action                   |  1- 3 |  4- 6 |  7- 9 | 10-12 | 13-15 | 16-18 || total
-------------------------+-------+-------+-------+-------+-------+-------++-------
Melee: Rapier            |   114 |   183 |   310 |       |       |       ||   607
       Bite              |    22 |    49 |   186 |   295 |   415 |   289 ||  1256
       Dagger            |       |       |   279 |   962 |  1291 |   703 ||  3235
       Short sword       |       |       |       |       |    43 |   164 ||   207
Throw: Boomerang         |       |       |       |     1 |       |     9 ||    10
Invok: Lunge             |       |       |    14 |    72 |    86 |    58 ||   230
       Whirlwind         |       |       |       |    91 |   301 |   178 ||   570
       Serpent's Lash    |       |       |       |     3 |    12 |     6 ||    21
       Heavenly Storm    |       |       |       |     1 |     1 |     2 ||     4
 Abil: Wall Jump         |       |       |       |       |     9 |    10 ||    19
Evoke: Wand              |       |       |       |     3 |     1 |       ||     4
  Use: Scroll            |       |       |       |     7 |     8 |     1 ||    16
       Potion            |       |       |       |       |     2 |     6 ||     8
 Stab: Paralysed         |       |       |       |     3 |     8 |     3 ||    14
       Petrifying        |       |       |       |     2 |     3 |     5 ||    10
       Confused          |       |       |       |       |     5 |     5 ||    10
       Petrified         |       |       |       |       |     5 |     8 ||    13
       Invisible         |       |       |       |       |       |    11 ||    11
       Held in net/web   |       |       |       |       |       |     1 ||     1
Armor: Scale mail        |    49 |     6 |       |    77 |       |       ||   132
       Plate armour      |       |    93 |   301 |    72 |       |       ||   466
       Chain mail        |       |       |       |    34 |   366 |   400 ||   800
       Skin              |       |       |       |     1 |       |     1 ||     2
Dodge: Dodged            |    59 |    94 |   226 |   200 |   378 |   550 ||  1507

Table legend: (Time is in decaauts)
 A = Elapsed time spent in this place.
 B = Non-inter-level travel time spent in this place.
 C = Inter-level travel time spent in this place.
 D = Time resting spent in this place.
 E = Time spent auto-exploring this place.
 F = Levels seen in this place.
 G = Mean time per level.
                   A        B        C        D        E       F      G
               +--------+--------+--------+--------+--------+-----+--------+
         Total |  18147 |  16830 |   1317 |     15 |  12489 |  28 |  648.1 |
       Dungeon |   8025 |   7623 |    402 |      6 |   5527 |  12 |  668.8 |
        Temple |     76 |     61 |     15 |      0 |     52 |   1 |   76.0 |
          Lair |   4528 |   4214 |    314 |      0 |   3540 |   6 |  754.7 |
         Swamp |   1711 |   1606 |    105 |      0 |   1109 |   3 |  570.3 |
   Spider Nest |   2783 |   2417 |    366 |      0 |   1639 |   4 |  695.8 |
  Orcish Mines |   1022 |    910 |    112 |      9 |    621 |   2 |  511.0 |
               +--------+--------+--------+--------+--------+-----+--------+

Top non-repeatable levels by time:
  Lair:6: 1001 daAuts
Spider:2: 917 daAuts
 Swamp:1: 906 daAuts
     D:9: 888 daAuts
     D:3: 865 daAuts
     D:1: 827 daAuts
     D:8: 823 daAuts
     D:7: 807 daAuts
    D:11: 796 daAuts
  Lair:1: 784 daAuts
  Lair:3: 782 daAuts
  Lair:4: 778 daAuts
     D:6: 771 daAuts
  Lair:5: 720 daAuts
Spider:1: 677 daAuts
